AoeStats
← HTY

Arena

504081108Analyzed
4v4 RM · 28d ago on Sep 3, 2026· 11m 8s· 8 players
Game mode
Random Map
Map size
Large (8 player)
Population
200
Speed
Normal
Resources
Standard
Victory
Conquest
Starting age
Dark Age
Ending age
Imperial Age
RankedLock teamsTeams togetherTeam positionsShared explorationLock speedFull tech treeHidden civsTurbo modeCheats
Victory
Defeat
🇷🇺 Muisca · Russia
1176
+14
🇦🇹 Slavs · Austria
1132
+16
🇬🇧 Italians · United Kingdom
1120
+17
🇷🇺 Franks · Russia
1058
+19
🇹🇷 Japanese · Türkiye
1194
-19
🇲🇽 Japanese · Mexico
1180
-19
🇨🇱 Mapuche · Chile
1094
-15
🇮🇳 Celts · India
1065
-13
Bantum
10:56 Feudal Age
northern_monk
9:11 Loom
10:59 Feudal Age
black_magick_in_june
11:23 Feudal Age
micendice
9:54 Feudal Age
Sunday
12:57 Feudal Age
Tha Chilenman
10:32 Feudal Age
HTY
2:43 Loom
10:04 Feudal Age
10:30 Double-Bit Axe
dushyanthkuthati
0:54 Loom
Connection lost

Rejoining the realm…

Still unreachable

The connection could not be restored.

Session expired

The server has moved on; the page needs a fresh start.